 Dungeon Crawl Stone Soup version 0.31.0-9-g3a7656b989 (webtiles) character file.

Game seed: 8247472915984468137

35 qw the Shooter (level 3, -1/20 HPs)
             Began as a Deep Elf Hunter on Feb 2, 2024.
             Slain by Natasha (5 damage)
             ... on level 2 of the Dungeon.
             The game lasted 00:00:03 (575 turns).

qw the Shooter (Deep Elf Hunter)                     Turns: 575, Time: 00:00:03

Health: -1/20      AC:  6    Str:  8 (10) XL:     3   Next: 16%
Magic:  5/5        EV: 10    Int: 10 (13) God:
Gold:   53         SH:  0    Dex: 16 (18) Spells: 2/2 levels left

rFire   . . .        a - +1 shortbow
rCold   . . .        (shield currently unavailable)
rNeg    . . .        f - +0 ring mail
rPois   .            (no helmet)
rElec   .            (no cloak)
rCorr   .            (no gloves)
SInv    .            k - +0 pair of boots
Will    .....        (no amulet)
Stlth   +            (no ring)
HPRegen 0.23/turn    (no ring)
MPRegen 0.09/turn

%: no passive effects
@: mighty, about to teleport, slowed, very slow
A: no striking features
a: no special abilities


You were on level 2 of the Dungeon.
You visited 1 branch of the dungeon, and saw 2 of its levels.

You collected 53 gold pieces.


   Skills:
 - Level 1.5 Fighting
 + Level 6.7 Ranged Weapons
 - Level 2.4 Dodging
 - Level 1.2 Stealth


You had 2 spell levels left.
You didn't know any spells.
Your spell library was empty.

Inventory:

Hand Weapons
 a - a +1 shortbow (weapon)
Armour
 f - a +0 ring mail (worn)
 k - a +0 pair of boots (worn)
Potions
 e - a potion of attraction {unknown}
 g - a potion of resistance
 i - 2 potions of might
 l - a potion of magic {unknown}

Dungeon Overview and Level Annotations

Branches:
Dungeon (2/15)

Altars:
The Shining One

Annotations:
D:2 Natasha


Message History

You flicker back into view.
Found a sling.
You start to feel less resistant.
An orc priest and an orc come into view.
The orc priest is wielding a +2 short sword of flaming.
The orc priest moves out of view.
An orc is nearby!
An orc is nearby!
An orc and an endoplasm come into view.
Found 15 gold pieces.
The orc shouts! x2
You shoot an arrow. The endoplasm quivers.
The arrow hits the endoplasm but does no damage.
You shoot an arrow. The arrow hits the endoplasm.
You kill the endoplasm!
Your resistance to elements expires.
There are monsters nearby!
There are monsters nearby!
An orc priest is nearby!
An orc priest is nearby!
Natasha and an adder come into view.
Natasha hisses angrily.
The adder hisses angrily.
Natasha stares at you and mumbles some strange words.
You feel yourself slow down.
You shoot an arrow. The arrow hits Natasha.
Natasha is heavily wounded.
You shoot an arrow. The arrow barely misses Natasha.
Natasha claws you! Natasha claws you but does no damage.
You shoot an arrow. The arrow hits Natasha!
Natasha is almost dead.
The adder bites you but does no damage.
Natasha stares at you and mumbles some strange words.
The magic dart hits you! The adder closely misses you. Natasha claws you.
575 ||| READING scroll of teleportation.
As you read the scroll of teleportation, it crumbles to dust.
You feel strangely unstable. The adder bites you but does no damage.
Natasha claws you.
You die...
Natasha curls up and begins to purr.

#####..#..##.....
...###...## #....
.#..##.#####..##.
....o#........#
....}#..#####..#
...o$#..........
.#..##.#########
...###....# ###
#@....#
......hS....#
######......#
#......# #......#
#......# #.......
#........


You could see Natasha and an adder.

Vanquished Creatures
  2 dart slugs (D:1)
  2 ball pythons (D:1)
  5 endoplasms
  2 giant cockroaches (D:1)
  A goblin (D:1)
  5 hobgoblins (D:1)
  4 jackals (D:1)
  A quokka (D:1)
  2 rats (D:1)
24 creatures vanquished.

Notes
Turn   | Place    | Note
-------+----------+-------------------------------------------
     0 | D:1      | qw the Deep Elf Hunter began the quest for the Orb.
     0 | D:1      | Reached XP level 1. HP: 12/12 MP: 3/3
     0 | D:1      | 0 ||| qw: Version: 0.3-a-155-g5e7d8dd
     0 | D:1      | 0 ||| qw: Game counter: 699
     0 | D:1      | 0 ||| qw: Melee chars always use a shield: true
     0 | D:1      | 0 ||| qw: God list: Okawaru
     0 | D:1      | 0 ||| qw: Allow faded altars: false
     0 | D:1      | 0 ||| qw: Do Orc after clearing Dungeon:15 true
     0 | D:1      | 0 ||| qw: Do second Lair branch before Depths: true
     0 | D:1      | 0 ||| qw: Lair rune preference: random
     0 | D:1      | 0 ||| qw: Goals: Normal
     0 | D:1      | 0 ||| PLANNING D:1-11
   131 | D:1      | Reached XP level 2. HP: 16/16 MP: 4/4
   137 | D:1      | Reached skill level 6 in Ranged Weapons
   233 | D:1      | Reached XP level 3. HP: 20/20 MP: 5/5
   413 | D:1      | Found a faded altar of an unknown god.
   498 | D:1      | 498 ||| UPGRADING to +0 ring mail.
   508 | D:1      | 508 ||| DROPPING +0 leather armour.
   509 | D:1      | 509 ||| UPGRADING to +0 pair of boots.
   514 | D:1      | 514 ||| READING 2 scrolls labelled YLLOABYJEB.
   519 | D:1      | 519 ||| READING scroll labelled BIEHAGH ALLUUL.
   519 | D:1      | 519 ||| ENCHANTING +0 shortbow.
   520 | D:1      | 520 ||| READING scroll labelled ETADDOI VUFUX.
   521 | D:1      | 521 ||| READING scroll labelled UPRIEGOOTS.
   522 | D:1      | 522 ||| DRINKING 2 silvery potions.
   523 | D:1      | 523 ||| DRINKING 2 puce potions.
   524 | D:1      | 524 ||| DRINKING 3 cyan potions.
   525 | D:1      | 525 ||| DRINKING 2 ruby potions.
   526 | D:1      | 526 ||| DROPPING scroll of butterflies.
   527 | D:1      | 527 ||| DROPPING potion of degeneration.
   528 | D:1      | 528 ||| DROPPING potion of invisibility.
   552 | D:2      | Found a glowing golden altar of the Shining One.
   571 | D:2      | Noticed Natasha
   574 | D:2      | HP: 5/20 [Natasha/magic dart (7)]
   575 | D:2      | 575 ||| READING scroll of teleportation.
   575 | D:2      | Slain by Natasha

Levels and vault maps discovered:
D:1:      dpeg_arrival_erosion, layout_rooms, serial_glass, glass_columns_a,
          glass_columns_b, shapermc_ecumenical_altar_mp_vishouse
D:2:      cheibrodos_pilgrimage, layout_rooms, basic_altar,
          nicolae_twisty_statue_hallways, uniq_jessica, uniq_natasha

Skill      XL: |  1  2 |
---------------+-------+-----
Ranged Weapons | 6 |  6.7
Fighting       | |  1.5
Dodging        | |  2.4
Stealth        | |  1.2

Action                     || total
---------------------------++-------
   Fire: Shortbow          ||    67
    Use: Scroll            ||     5
         Potion            ||     4
 Armour: Leather armour    ||     8
         Ring mail         ||     7
  Dodge: Dodged            ||     5

Table legend:
 A = Non-vault XP
 B = Vault XP
 C = Vault XP percentage of total XP
 D = Non-vault monster count
 E = Vault monster count
 F = Vault count percentage of total count
                 A         B        C        D         E       F
            +---------+---------+-------+---------+---------+-------
      Total |      50 |       0 |   0.0 |      24 |       0 |   0.0
            +---------+---------+-------+---------+---------+-------
        D:1 |      48 |       0 |   0.0 |      23 |       0 |   0.0
        D:2 |       2 |       0 |   0.0 |       1 |       0 |   0.0
            +---------+---------+-------+---------+---------+-------
